 Dungeon Crawl Stone Soup version 0.31-a0-949-g57150269e1 (webtiles) character file.

Game seed: 9683900122135033604

25 Xavori the Trooper (level 3, 24/25 (30) HPs)
             Began as a Djinni Chaos Knight on Oct 23, 2023.
             Was a Plaything of Xom.
             Quit the game on level 2 of the Dungeon.
             The game lasted 00:01:00 (9646 turns).

Xavori the Trooper (Djinni Chaos Knight)            Turns: 9646, Time: 00:01:01

HP:   24/25 (30)    AC:  5    Str: 11      XL:     3   Next: 20%
Gold: 32            EV: 12    Int: 13      God:    Xom [....*.] SH:  0 Dex: 13 (14)

rFire   + + .        a - +0 falchion (chaos)
rCold   x . .        (no shield)
rNeg    . . .        b - +2 leather armour
rPois   ∞            (no helmet)
rElec   .            (no cloak)
rCorr   .            (no gloves)
SInv    .            (boots unavailable)
Will    .....        (no amulet)
Stlth   +            (no ring)
HPRegen 0.24/turn    (no ring)
MPRegen 0.00/turn

%: no passive effects
@: flying, heavily drained
A: sickness immunity, fire resistance 2, cold vulnerability 1, float, innate
caster, HP casting, extra vitality 1
a: Renounce Religion


You were on level 2 of the Dungeon.
You worshipped Xom.
You were a beloved toy of Xom.
You visited 1 branch of the dungeon, and saw 2 of its levels.

You collected 32 gold pieces.

Inventory:

Hand Weapons
 a - a +0 falchion of chaos (weapon)
Armour
 b - a +2 leather armour (worn)
Wands
 i - a wand of mindburst (4)
Scrolls
 c - a scroll of butterflies
 d - 3 scrolls of teleportation {unknown}
 e - a scroll of enchant weapon {unknown}
 g - a scroll of amnesia {unknown}
 h - a scroll of fear {unknown}
Potions
 f - a potion of haste {unknown}


   Skills:
 + Level 3.2 Fighting
 + Level 2.9 Long Blades
 + Level 1.4 Armour
 + Level 2.5 Dodging
 + Level 0.2 Spellcasting
 + Level 0.2 Conjurations
 + Level 0.2 Hexes
   Level 0.0 Charms
 + Level 0.2 Summonings
 + Level 0.2 Necromancy
 + Level 0.2 Translocations
 + Level 0.2 Transmutations
 + Level 0.2 Fire Magic
 + Level 0.2 Ice Magic
 + Level 0.2 Air Magic
 + Level 0.2 Earth Magic
 + Level 0.2 Poison Magic


You knew the following spells:

 Your Spells              Type           Power      Damage    Failure   Level
a - Sting                 Tmut/Pois      0%         1d3       34%         1
Your spell library was empty.

Dungeon Overview and Level Annotations

Branches:
Dungeon (2/15)

Altars:


Innate Abilities, Weirdness & Mutations

You are immune to sickness and miasma.
You are immune to poison.
Your flesh is very heat resistant. (rF++)
You are vulnerable to cold. (rC-)
You float through the air rather than walking.
You learn spells naturally, not from books.
Your magical power is your life essence.
You have superior vitality. (+4 MHP)


Message History

The goblin is moderately wounded.
The goblin hits you with a +0 club.
A goblin is nearby!
You completely miss the goblin.
The goblin is moderately wounded.
The goblin closely misses you.
A goblin is nearby!
You closely miss the goblin.
The goblin is moderately wounded.
The goblin hits you but does no damage.
A goblin is nearby!
You hit the goblin but do no damage.
The goblin is moderately wounded.
The goblin closely misses you.
A goblin is nearby!
You hit the goblin. Lightning courses through the goblin!!
You kill the goblin!
The goblin's corpse disappears in a puff of smoke!
No target in view!
HP restored.
You reach down and open the door.
An orc comes into view. It is wielding a +0 flail.
The orc shouts!
Found a stone staircase leading down.
Found a scroll labelled TOOKUE BAMU.
There is an open door here.
An orc is nearby!
An orc is nearby!
The orc hits you but does no damage.
You hit the orc. You freeze the orc.
The orc is heavily wounded.
The orc hits you with a +0 flail.
An orc is nearby!
You hit the orc.
You kill the orc!
No target in view!
No target in view!
Unknown command.
No target in view!
Are you sure you want to abandon this character and quit the game? (Confirm with "yes".)

#.# #.##.# #.#
#....# #.# ######
#.# ######### #.#
#.?.....# #.#
#.......+
#.########.......##
#........'.>.......
##########.@)....#
#.......#
##........
#........ #........
#........ #........
#........


There were no monsters in sight!

Vanquished Creatures
  An orc (D:2)
  2 ball pythons (D:1)
  2 bats (D:1)
  2 endoplasms (D:1)
  5 goblins
  2 hobgoblins (D:1)
  A kobold (D:1)
  2 quokkas (D:1)
  2 frilled lizards (D:1)
  A rat (D:1)
20 creatures vanquished.

Notes
Turn   | Place    | Note
-------+----------+-------------------------------------------
     0 | D:1      | Xavori the Djinni Chaos Knight began the quest for the Orb.
     0 | D:1      | Reached XP level 1. HP: 20/20 MP: 0/0
   174 | D:1      | Reached XP level 2. HP: 20/25 MP: 0/0
   265 | D:1      | XOM: potion effect (haste)
   515 | D:1      | Reached XP level 3. HP: 25/30 MP: 0/0
   515 | D:1      | Learned a level 1 spell: Sting
  1733 | D:1      | XOM: silly message
  2413 | D:1      | XOM: god gift: robe {god gift}
  2881 | D:1      | XOM: silly message
  3328 | D:1      | XOM is BORED!
  3481 | D:1      | XOM: cloud trail
  3642 | D:1      | XOM: god gift: viscous ruby potion {god gift}
  3908 | D:1      | XOM: god gift: leather armour {god gift}
  4029 | D:1      | XOM: god gift: mace {god gift}
  6447 | D:1      | XOM is BORED!
  6447 | D:1      | XOM: draining
  7202 | D:1      | XOM: give mutations
  7202 | D:1      | Gained mutation: You occasionally shout uncontrollably at
                  | your foes. [Xom's mischief]
  7202 | D:1      | Lost mutation: You occasionally shout uncontrollably at
                  | your foes. [Xom's mischief]
  7499 | D:1      | XOM: stat loss: -1 Dex (13/14)
  8053 | D:1      | XOM: god gift: gold wand {god gift}
  9108 | D:1      | XOM: torment (14/25 hp)
  9412 | D:1      | XOM: god gift: falchion {god gift}
  9573 | D:2      | XOM is BORED!
  9573 | D:2      | XOM: summons 2 hostile shadow creatures
  9646 | D:2      | Quit the game

Illustrated notes

Levels and vault maps discovered:
D:1:      roderic_chinese_lattice_arrival, layout_loops_ring,
          minmay_pentomino_p4
D:2:      layout_basic

Action                     || total
---------------------------++-------
  Melee: Falchion          ||    53
    Use: Potion            ||     1
 Armour: Leather armour    ||    38
  Dodge: Dodged            ||    24

Table legend: (Time is in decaauts)
 A = Elapsed time spent in this place.
 B = Non-inter-level travel time spent in this place.
 C = Inter-level travel time spent in this place.
 D = Time resting spent in this place.
 E = Time spent auto-exploring this place.
 F = Levels seen in this place.
 G = Mean time per level.
                   A        B        C        D        E       F      G
               +--------+--------+--------+--------+--------+-----+--------+
         Total |   9634 |   9612 |     22 |   8941 |    523 |   2 | 4817.0 |
       Dungeon |   9634 |   9612 |     22 |   8941 |    523 |   2 | 4817.0 |
               +--------+--------+--------+--------+--------+-----+--------+

Top non-repeatable levels by time:
     D:1: 9539 daAuts
     D:2: 95 daAuts
